 Dungeon Crawl Stone Soup version 0.29-a0-1027-gcd8c55af63 (webtiles) character file.

Game seed: 10266063220051933089

31 hikkokomori the Digger (level 3, -1/28 HPs)
             Began as a Meteoran Earth Elementalist on Aug 13, 2022.
             Slain by Terence
             ... wielding a +0 falchion
              (3 damage)
             ... on level 2 of the Dungeon.
             The game lasted 00:06:50 (489 turns).

hikkokomori the Digger (Meteoran Earth Elementalist) Turns: 489, Time: 00:06:51

Health: -1/28      AC:  9    Str: 10    XL:     3   Next: 61%
Magic:  2/8        EV: 11    Int: 18    God:
Gold:   63         SH:  0    Dex: 14    Spells: 7/8 levels left

rFire   . . .      SeeInvis .   l - +2 short sword (vamp)
rCold   . . .      Faith    .   (no shield)
rNeg    . . .      Spirit   .   j - +0 ring mail
rPois   .          Reflect  .   i - +1 hat
rElec   .          Harm     .   m - +2 cloak
rCorr   .          Rampage  .   (no gloves)
Will    .....                   (no boots)
Stlth   +.........              (no amulet)
HPRegen 0.09/turn               (no ring)
MPRegen 0.11/turn               (no ring)

@: very slightly contaminated, glowing
A: sense surroundings 1, otherworldly, glowing, explore regen
a: no special abilities


You were on level 2 of the Dungeon.
You visited 1 branch of the dungeon, and saw 2 of its levels.

You collected 63 gold pieces.

Inventory:

Hand Weapons
 h - a +0 club
 l - a +2 vampiric short sword (weapon)
Missiles
 e - 16 stones
Armour
 a - a +0 robe
 i - a +1 hat (worn)
 j - a +0 ring mail (worn)
 m - a +2 cloak (worn)
Wands
 n - a wand of charming (8)
Scrolls
 f - a scroll of enchant armour {unknown}
 k - a scroll of teleportation {unknown}
Potions
 b - a potion of magic
 c - 2 potions of haste {unknown}
 d - a potion of berserk rage {unknown}
 o - a potion of curing


   Skills:
 + Level 1.1 Fighting
 + Level 3.0 Dodging
 - Level 1.4 Stealth
 + Level 3.1 Spellcasting
 - Level 1.6 Transmutations
 + Level 4.0 Earth Magic


You had 7 spell levels left.
You knew the following spells:

 Your Spells              Type           Power      Damage    Failure   Level
a - Sandblast             Erth           34%        2d9       8%          1

Your spell library contained the following spells:

 Spells                   Type           Power      Damage    Failure   Level
 Passwall                 Tmut/Erth      10%        N/A       21%         2
 Stone Arrow              Conj/Erth      20%        3d8       50%         3
 Petrify                  Tmut/Erth      13%        N/A       78%         4


Dungeon Overview and Level Annotations

Branches:
Dungeon (2/15) Zot: 681

Altars:

Annotations:
D:2 Terence


Innate Abilities, Weirdness & Mutations

You passively map a small area around you.
You are easily found by Zot.
You glow in the dark.
You regain HP and MP as you explore.


Message History

Terence hits you with a +0 falchion. x2
It was a potion of curing.
You feel better. Terence hits you with a +0 falchion.
As you read the scroll labelled PUITTOOTOI, it crumbles to dust.
Your body is wracked with pain!
* * * LOW HITPOINT WARNING * * *
Terence convulses!
The dart slug convulses!
It was a scroll of torment.
Terence hits you but does no damage.
Unknown command.
Unknown command.
Casting: Sandblast (safe; 8% risk of failure)
Confirm with . or Enter, or press ? or * to list all spells.
Aiming: Sandblast (safe; 8% risk of failure)
Press: ? - help, Shift-Dir - straight line, f/p - Terence
Aim: Terence, wielding a +0 falchion and wearing a +0 scale mail of fire resistance (severely wounded, 84% to hit)
You miscast Sandblast.
You are very lightly contaminated with residual magic.
Nothing appears to happen.
Terence closely misses you.
Casting: Sandblast (safe; 8% risk of failure)
Confirm with . or Enter, or press ? or * to list all spells.
Aiming: Sandblast (safe; 8% risk of failure)
Press: ? - help, Shift-Dir - straight line, f/p - Terence
Aim: Terence, wielding a +0 falchion and wearing a +0 scale mail of fire resistance (severely wounded, 84% to hit)
The blast of sand hits Terence.
Terence is severely wounded.
Terence misses you. Terence closely misses you.
Casting: Sandblast (safe; 8% risk of failure)
Confirm with . or Enter, or press ? or * to list all spells.
Aiming: Sandblast (safe; 8% risk of failure)
Press: ? - help, Shift-Dir - straight line, f/p - Terence
Aim: Terence, wielding a +0 falchion and wearing a +0 scale mail of fire resistance (severely wounded, 84% to hit)
The blast of sand hits Terence but does no damage.
Terence is severely wounded.
Terence hits you with a +0 falchion.
* * * LOW HITPOINT WARNING * * *
Terence completely misses you. The dart slug launches a dart at you.
The slug dart hits you but does no damage.
Terence attacks as you move away! Terence hits you with a +0 falchion.
You die...

#...#......#
#[...####....* #.
#..##+## #....# # ,, * #
,#..##..###....####. ,##
, #..............
....,#. ,
#....#.####...####.. #.
,
,#....#.####.........##.
#.<..#...............##
######..###...#######..
*** * #@................
, , , *
#@w.##.<.####.#.##
,............# #.#.#
,#.###.#..#...# #.#.#
#........# ....# ,,, ,
#.#....#.# ....#
#.#.#..#.# #..... ,
.......... ....... , ,


You could see Terence and a dart slug.

Vanquished Creatures
  A gnoll (D:2)
  2 endoplasms
  2 giant cockroaches (D:1)
  2 hobgoblins
  2 jackals (D:2)
  2 kobolds
  3 quokkas (D:1)
  A ball python (D:1)
  2 bats (D:1)
  A goblin (D:1)
  2 rats
20 creatures vanquished.

Notes
Turn   | Place    | Note
-------+----------+-------------------------------------------
     0 | D:1      | hikkokomori the Meteoran Earth Elementalist began the quest
                  | for the Orb.
     0 | D:1      | Reached XP level 1. HP: 14/14 MP: 5/5
   123 | D:1      | Reached XP level 2. HP: 22/22 MP: 4/6
   321 | D:2      | Reached XP level 3. HP: 24/27 MP: 6/8
   433 | D:2      | Reached skill level 1 in Fighting
   444 | D:2      | Reached skill level 4 in Earth Magic
   478 | D:2      | Noticed Terence
   489 | D:2      | Slain by Terence

Illustrated notes

Levels and vault maps discovered:
D:1:      dpeg_arrival_rooms_b, layout_rooms
D:2:      layout_basic, basic_altar,
          dreamdust_ecumenical_altar_angels_and_demons, cheibrodos_gnoll_hut,
          uniq_terence

Skill      XL: |  1  2  3 |
---------------+----------+-----
Spellcasting   | 3 |  3.1
Fighting       | 1 |  1.1
Dodging        | 3 |  3.0
Earth Magic    | 4 |  4.0
Stealth        | |  1.4
Transmutations | |  1.6

Action                   || total
-------------------------++-------
Melee: Short sword       ||    24
       Unarmed           ||     1
 Cast: Sandblast         ||    27
  Use: Scroll            ||     1
       Potion            ||     1
Armor: Ring mail         ||    14
       Robe              ||     1
Dodge: Dodged            ||    19

Table legend: (Time is in decaauts)
 A = Elapsed time spent in this place.
 B = Non-inter-level travel time spent in this place.
 C = Inter-level travel time spent in this place.
 D = Time resting spent in this place.
 E = Time spent auto-exploring this place.
 F = Levels seen in this place.
 G = Mean time per level.
                   A        B        C        D        E       F      G
               +--------+--------+--------+--------+--------+-----+--------+
         Total |    518 |    518 |      0 |     50 |     71 |   2 |  259.0 |
       Dungeon |    518 |    518 |      0 |     50 |     71 |   2 |  259.0 |
               +--------+--------+--------+--------+--------+-----+--------+

Top non-repeatable levels by time:
     D:1: 310 daAuts
     D:2: 207 daAuts
